[Event "ICC tourney 3171 (30 10)"]
[Site "Internet Chess Club"]
[Date "2023.04.15"]
[Round "1"]
[White "TJIPTO, GAVIN:akudakudaku"]
[Black "Bolme, Thomas Bradley:ThomasBradley75"]
[Result "1-0"]
[ICCResult "Black resigns"]
[WhiteElo "1362"]
[BlackElo "567"]
[Opening "Caro-Kann: Panov-Botvinnik attack, 5...e6"]
[ECO "B14"]
[NIC "CK.03"]
[Time "12:00:13"]
[PlyCount "53"]
[TimeControl "1800+10"]

1. e4 c6 2. d4 d5 3. exd5 cxd5 4. c4 Nf6 5. Nc3 e6 6. Bg5 Be7 7. Nf3 Nc6 8.
Be2 b6 9. O-O O-O 10. Ne5 Nxe5 11. dxe5 Ne4 12. Bxe7 Qxe7 13. cxd5 exd5 14.
Nxd5 Qd7 15. Bf3 Ba6 16. Bxe4 Bxf1 17. Nf6+ gxf6 18. Qxd7 Be2 19. Bxa8 Rxa8
20. exf6 a5 21. Qd2 Ba6 22. Qg5+ Kf8 23. Qg7+ Ke8 24. Re1+ Kd8 25. Qf8+ Kc7
26. Re7+ Kc6 27. Qxa8+ {Black resigns} 1-0

[Event "ICC tourney 3171 (30 10)"]
[Site "Internet Chess Club"]
[Date "2023.04.15"]
[Round "1"]
[White "Zhou, Abigail:AbiZ"]
[Black "KINKUS, SAM E:Grandslam34"]
[Result "1-0"]
[ICCResult "Black resigns"]
[WhiteElo "1403"]
[BlackElo "938"]
[Opening "Scandinavian (center counter) defense"]
[ECO "B01"]
[NIC "SD.01"]
[Time "12:00:34"]
[PlyCount "51"]
[TimeControl "1800+10"]

1. e4 d5 2. exd5 Qxd5 3. Nc3 Qa5 4. d4 Nf6 5. Bc4 c6 6. Nf3 Bf5 7. O-O e6 8.
Bf4 Nbd7 9. a3 Be7 10. h3 Ne4 11. Nxe4 Bxe4 12. Re1 Bd5 13. Bxd5 Qxd5 14. b3
Qf5 15. Bg3 O-O 16. c4 Rad8 17. Qe2 Nf6 18. b4 Bd6 19. Rad1 Bxg3 20. fxg3
Qg6 21. g4 h6 22. Ne5 Qh7 23. Kh2 Nd7 24. Rf1 f6 25. Nxd7 Rxd7 26. Qxe6+
{Black resigns}
1-0

[Event "ICC tourney 3171 (30 10)"]
[Site "Internet Chess Club"]
[Date "2023.04.15"]
[Round "1"]
[White "Chen, Angelique Lee:oklahoo"]
[Black "LEONG, GEE:geeleong"]
[Result "1-0"]
[ICCResult "Black resigns"]
[WhiteElo "1226"]
[BlackElo "1635"]
[Opening "Pirc: Holmov system"]
[ECO "B07"]
[NIC "PU.07"]
[Time "12:00:16"]
[PlyCount "47"]
[TimeControl "1800+10"]

1. e4 d6 2. d4 Nf6 3. Nc3 g6 4. Bc4 c6 5. Bb3 Bg7 6. h3 a5 7. a4 O-O 8. Nf3
Bd7 9. O-O b5 10. axb5 cxb5 11. Re1 Na6 12. Qe2 Qb8 13. Rxa5 Qc7 14. Ra1
Rfb8 15. Bf4 Nh5 16. Bh2 h6 17. e5 dxe5 18. Bxe5 Bxe5 19. Nxe5 e6 20. Qf3
Be8 21. d5 Nc5 22. Rxa8 Rxa8 23. dxe6 fxe6 24. Qxa8 {Black resigns} 1-0

[Event "ICC tourney 3171 (30 10)"]
[Site "Internet Chess Club"]
[Date "2023.04.15"]
[Round "1"]
[White "Hernandez-Visbal, Arthur:thechessgod22"]
[Black "SHRIVASTAVA, NIVAAN:Nivshri"]
[Result "1-0"]
[ICCResult "Black resigns"]
[WhiteElo "1638"]
[BlackElo "1248"]
[Opening "Sicilian: Smith-Morra gambit"]
[ECO "B21"]
[NIC "SI.48"]
[Time "12:10:08"]
[PlyCount "61"]
[TimeControl "1800+10"]

1. e4 c5 2. d4 cxd4 3. c3 d3 4. c4 Nc6 5. Bxd3 e5 6. Nc3 Nf6 7. Nf3 Bb4 8.
O-O Bxc3 9. bxc3 O-O 10. Bg5 h6 11. Bh4 d6 12. Re1 Be6 13. Nd2 Rc8 14. Rb1
b6 15. Nf1 Na5 16. Ne3 Nxc4 17. Bxc4 Bxc4 18. Ng4 Kh7 19. Bxf6 gxf6 20. Qd2
Rh8 21. Qxh6+ Kg8 22. Nxf6+ Qxf6 23. Qxf6 Re8 24. Re3 Re6 25. Rg3+ Kf8 26.
Qxh8+ Ke7 27. Qh4+ Kd7 28. Rg7 Re8 29. Qf6 Be6 30. Rd1 Re7 31. Qxe5
{Black resigns}
1-0

[Event "ICC tourney 3171 (30 10)"]
[Site "Internet Chess Club"]
[Date "2023.04.15"]
[Round "1"]
[White "QIAO, RICHARDSON JINGSI:Richardsonqiao"]
[Black "Ryerson, Olivia:oliviaryerson"]
[Result "1-0"]
[ICCResult "Black checkmated"]
[WhiteElo "1553"]
[BlackElo "1192"]
[Opening "Queen's pawn, Mason variation"]
[ECO "D00"]
[NIC "QP.08"]
[Time "12:00:13"]
[PlyCount "89"]
[TimeControl "1800+10"]

1. d4 d5 2. Bf4 Nf6 3. e3 Bf5 4. Nf3 e6 5. c3 Bd6 6. Bg3 Nc6 7. Bd3 Bg6 8.
Qe2 Bxd3 9. Qxd3 O-O 10. Nbd2 Re8 11. Ne5 Bxe5 12. dxe5 Nd7 13. Nf3 Qe7 14.
O-O Rad8 15. Rad1 Nc5 16. Qc2 Ne4 17. b4 h6 18. a3 a5 19. Rb1 b6 20. Rfc1
Na7 21. c4 c5 22. bxa5 bxa5 23. Qa4 Qc7 24. cxd5 Nxg3 25. d6 Qc6 26. Qxc6
Nxc6 27. hxg3 f6 28. Rxc5 Nxe5 29. Nxe5 fxe5 30. Rd1 a4 31. d7 Re7 32. Rc8
Rxd7 33. Rxd8+ Rxd8 34. Rxd8+ Kf7 35. Ra8 Kf6 36. Rxa4 Kf5 37. Rh4 Kg5 38.
a4 Kf6 39. a5 Ke7 40. a6 Kd7 41. a7 Kc7 42. a8=Q Kb6 43. Rc4 Kb5 44. Qc6+
Ka5 45. Ra4# {Black checkmated} 1-0

[Event "ICC tourney 3171 (30 10)"]
[Site "Internet Chess Club"]
[Date "2023.04.15"]
[Round "1"]
[White "ANGELCHIK, JACOB:t105mm"]
[Black "Hamlett, James Morrison:Hamlett144"]
[Result "0-1"]
[ICCResult "White resigns"]
[WhiteElo "1152"]
[BlackElo "1414"]
[Opening "Trompowsky attack (Ruth, Opocenský opening)"]
[ECO "A45"]
[NIC "QP.07"]
[Time "12:00:24"]
[PlyCount "58"]
[TimeControl "1800+10"]

1. d4 Nf6 2. Bg5 g6 3. Bxf6 exf6 4. e4 d5 5. exd5 Qxd5 6. Nc3 Qd8 7. Bc4 Bb4
8. Qe2+ Kf8 9. Nf3 Nc6 10. d5 Ne7 11. Rd1 Bd7 12. h4 Bd6 13. Ne4 Nf5 14. g4
Ng7 15. Nd4 Qe7 16. h5 Re8 17. h6 Qxe4 18. hxg7+ Kxg7 19. f3 Qxe2+ 20. Nxe2
Re3 21. Kf2 Rhe8 22. Rh3 Bc5 23. Nd4 Bxd4 24. Rxd4 f5 25. g5 R3e7 26. f4 Re4
27. Rxe4 Rxe4 28. Bd3 Rxf4+ 29. Ke3 Rg4 {White resigns} 0-1

[Event "ICC tourney 3171 (30 10)"]
[Site "Internet Chess Club"]
[Date "2023.04.15"]
[Round "1"]
[White "Zhuge, Alexandra:MonkeyTree"]
[Black "KISHORE, KAVISH:K03-16800564"]
[Result "0-1"]
[ICCResult "White checkmated"]
[WhiteElo "866"]
[BlackElo "1373"]
[Opening "Sicilian: Najdorf, Lipnitzky attack"]
[ECO "B86"]
[NIC "SI.13"]
[Time "12:00:36"]
[PlyCount "98"]
[TimeControl "1800+10"]

1. e4 c5 2. Nf3 d6 3. d4 cxd4 4. Nxd4 Nf6 5. Nc3 a6 6. Bc4 e6 7. O-O Nc6 8.
Nf3 b5 9. Bb3 Bb7 10. a3 h6 11. Be3 Be7 12. Re1 O-O 13. Bf4 Qc7 14. e5 dxe5
15. Nxe5 Nxe5 16. Bxe5 Qc6 17. Qf3 Qxf3 18. gxf3 Bxf3 19. Re3 Bb7 20. Rd1
Rfd8 21. Rde1 Ng4 22. Rg3 Nxe5 23. Rxe5 Bd6 24. Ree3 Bxg3 25. Rxg3 Rd2 26.
f3 Rad8 27. h4 R8d4 28. h5 Rh4 29. Rg2 Rh1+ 30. Kxh1 Bxf3 31. Ne2 Rxe2 32.
Kg1 Rxg2+ 33. Kf1 Be4 34. Ke1 Bxc2 35. Ba2 Bb1 36. Bb3 Rxb2 37. Bd1 f5 38.
Be2 e5 39. Bd1 e4 40. Be2 f4 41. Bf1 f3 42. Bh3 e3 43. Be6+ Kf8 44. Bh3 f2+
45. Kd1 Rc2 46. Bf1 Rd2+ 47. Kc1 e2 48. Bxe2 Rxe2 49. Kxb1 f1=Q#
{White checkmated}
0-1

[Event "ICC tourney 3171 (30 10)"]
[Site "Internet Chess Club"]
[Date "2023.04.15"]
[Round "2"]
[White "SHRIVASTAVA, NIVAAN:Nivshri"]
[Black "KINKUS, SAM E:Grandslam34"]
[Result "1-0"]
[ICCResult "Black resigns"]
[WhiteElo "1248"]
[BlackElo "938"]
[Opening "Scandinavian (center counter) defense"]
[ECO "B01"]
[NIC "SD.01"]
[Time "14:00:23"]
[PlyCount "44"]
[TimeControl "1800+10"]

1. e4 d5 2. exd5 Qxd5 3. Nc3 Qa5 4. d4 Nf6 5. Bd2 c6 6. Nf3 Bf5 7. Bc4 e6 8.
h3 Bb4 9. O-O Nbd7 10. a3 Bxc3 11. Bxc3 Qc7 12. Nh4 Be4 13. Bd3 O-O-O 14. b4
Nd5 15. Bxe4 Nxc3 16. Qd3 Nxe4 17. Qxe4 Nb8 18. c4 Qd6 19. Rfd1 g6 20. d5
Kc7 21. c5 exd5 22. cxd6+ Rxd6 {Black resigns} 1-0

[Event "ICC tourney 3171 (30 10)"]
[Site "Internet Chess Club"]
[Date "2023.04.15"]
[Round "2"]
[White "LEONG, GEE:geeleong"]
[Black "LIN, CARL:K01-17110834"]
[Result "0-1"]
[ICCResult "White resigns"]
[WhiteElo "1635"]
[BlackElo "1228"]
[Opening "Queen's pawn game"]
[ECO "D00"]
[NIC "QP.08"]
[Time "14:00:16"]
[PlyCount "84"]
[TimeControl "1800+10"]

1. d4 d5 2. e3 c6 3. Bd3 Nf6 4. b3 Bg4 5. f3 Bh5 6. Bb2 Nbd7 7. Ne2 e6 8.
Nd2 Bd6 9. c4 Qc7 10. f4 Bg6 11. Nf3 Ne4 12. O-O O-O 13. c5 Be7 14. Rc1 Bh5
15. Qe1 a5 16. h3 Bg6 17. Bb1 a4 18. b4 a3 19. Ba1 b6 20. g4 bxc5 21. bxc5
f5 22. g5 h6 23. Nh4 Bh5 24. gxh6 gxh6 25. Kh2 Kh7 26. Nf3 Rg8 27. Ne5 Nxe5
28. fxe5 Bxe2 29. Qxe2 Ng3 30. Qf3 Nxf1+ 31. Rxf1 Raf8 32. Bc3 Bh4 33. Bd2
Qg7 34. Bd3 Qg3+ 35. Kh1 Qxf3+ 36. Rxf3 Rg3 37. Rxg3 Bxg3 38. Ba6 Rb8 39.
Kg2 Rb2 40. Kxg3 Rxd2 41. Bb7 Rxa2 42. Bxc6 Rb2 {White resigns} 0-1

[Event "ICC tourney 3171 (30 10)"]
[Site "Internet Chess Club"]
[Date "2023.04.15"]
[Round "2"]
[White "Bolme, Thomas Bradley:ThomasBradley75"]
[Black "ANGELCHIK, JACOB:t105mm"]
[Result "0-1"]
[ICCResult "White checkmated"]
[WhiteElo "567"]
[BlackElo "1152"]
[Opening "Sicilian: Smith-Morra gambit"]
[ECO "B21"]
[NIC "SI.48"]
[Time "14:03:11"]
[PlyCount "56"]
[TimeControl "1800+10"]

1. e4 c5 2. d4 cxd4 3. Qxd4 Nc6 4. Qe3 e6 5. Nc3 Bb4 6. Bd2 Nf6 7. O-O-O Qa5
8. Bc4 O-O 9. Nge2 d5 10. exd5 exd5 11. Bxd5 Nxd5 12. Nxd5 Qxd5 13. Bxb4
Nxb4 14. Rxd5 Nxd5 15. Qc5 Be6 16. Nd4 b6 17. Qd6 Rfd8 18. Qe5 Re8 19. Qg5
f6 20. Qg3 Nb4 21. Nxe6 Rxe6 22. Rd1 a5 23. Qc7 Nxa2+ 24. Kb1 Nb4 25. Rd8+
Rxd8 26. Qxd8+ Kf7 27. Qd7+ Re7 28. Qb5 Re1# {White checkmated} 0-1

[Event "ICC tourney 3171 (30 10)"]
[Site "Internet Chess Club"]
[Date "2023.04.15"]
[Round "2"]
[White "KISHORE, KAVISH:K03-16800564"]
[Black "Hernandez-Visbal, Arthur:thechessgod22"]
[Result "0-1"]
[ICCResult "White forfeits on time"]
[WhiteElo "1373"]
[BlackElo "1638"]
[Opening "Benoni: 6.e4"]
[ECO "A65"]
[NIC "BI.38"]
[Time "14:00:40"]
[PlyCount "52"]
[TimeControl "1800+10"]

1. d4 Nf6 2. c4 c5 3. d5 e6 4. Nc3 exd5 5. cxd5 d6 6. e4 g6 7. h3 Bg7 8. Nf3
O-O 9. Bd3 Re8 10. O-O a6 11. a4 Nbd7 12. Rb1 Ne5 13. Nxe5 dxe5 14. Be3 b6
15. b4 cxb4 16. Rxb4 Rb8 17. Qb3 Nd7 18. Rb1 Bf8 19. Bxb6 Qg5 20. Be3 Rxb4
21. Bxg5 Rxb3 22. Rxb3 Nc5 23. Bxa6 Nxb3 24. Bb5 Re7 25. Bxe7 Bxe7 26. Bc6
Ba6 {White forfeits on time} 0-1

[Event "ICC tourney 3171 (30 10)"]
[Site "Internet Chess Club"]
[Date "2023.04.15"]
[Round "2"]
[White "Hamlett, James Morrison:Hamlett144"]
[Black "Chen, Angelique Lee:oklahoo"]
[Result "0-1"]
[ICCResult "White resigns"]
[WhiteElo "1414"]
[BlackElo "1226"]
[Opening "Evans gambit"]
[ECO "C51"]
[NIC "IG.05"]
[Time "14:00:21"]
[PlyCount "64"]
[TimeControl "1800+10"]

1. e4 e5 2. Nf3 Nc6 3. Bc4 Bc5 4. b4 Bxb4 5. c3 Bc5 6. d4 exd4 7. O-O dxc3
8. Nxc3 Nge7 9. Ng5 Ne5 10. Bb3 O-O 11. Nxh7 Kxh7 12. Qh5+ Kg8 13. Qxe5 d6
14. Qg3 Bd4 15. Bb2 Be5 16. f4 Bd4+ 17. Kh1 Be6 18. Bc2 Bc4 19. Rf3 Ng6 20.
e5 Nh4 21. exd6 cxd6 22. Ba3 Nxf3 23. Qxf3 Qf6 24. Ne4 Qd8 25. Nxd6 Bxa1 26.
Nxc4 Re8 27. Bb4 Qd4 28. Bb3 a5 29. Ne5 Qxb4 30. Bxf7+ Kf8 31. Bc4 Qb1+ 32.
Bf1 Rad8 {White resigns} 0-1

[Event "ICC tourney 3171 (30 10)"]
[Site "Internet Chess Club"]
[Date "2023.04.15"]
[Round "2"]
[White "TJIPTO, GAVIN:akudakudaku"]
[Black "QIAO, RICHARDSON JINGSI:Richardsonqiao"]
[Result "1-0"]
[ICCResult "Black checkmated"]
[WhiteElo "1362"]
[BlackElo "1553"]
[Opening "Ruy Lopez: Cozio defense deferred"]
[ECO "C70"]
[NIC "RL.09"]
[Time "14:00:12"]
[PlyCount "89"]
[TimeControl "1800+10"]

1. e4 e5 2. Nf3 Nc6 3. Bb5 a6 4. Ba4 Nge7 5. O-O g6 6. c3 b5 7. Bc2 Bg7 8.
d4 exd4 9. cxd4 d6 10. Bg5 Bb7 11. Nc3 h6 12. Bh4 O-O 13. Re1 Qd7 14. a3
Rae8 15. Qd2 g5 16. d5 Ne5 17. Nxe5 Bxe5 18. Bg3 Ng6 19. Bxe5 Rxe5 20. Rad1
Rfe8 21. g3 Qg4 22. Qe2 Qxe2 23. Nxe2 f5 24. f3 Bc8 25. Nd4 Bd7 26. Kf2 f4
27. b4 Kg7 28. Bb3 fxg3+ 29. hxg3 R5e7 30. Rc1 Ne5 31. Red1 Bc8 32. f4 Ng4+
33. Kg1 Rxe4 34. Rxc7+ R4e7 35. Rxe7+ Rxe7 36. f5 Kf6 37. Rc1 Bb7 38. Ne6
Kxf5 39. Re1 Ne5 40. Bc2+ Kg4 41. Re4+ Kh5 42. g4+ Kh4 43. Nd4 Bc8 44. Kg2
Ng6 45. Nf3# {Black checkmated} 1-0

[Event "ICC tourney 3171 (30 10)"]
[Site "Internet Chess Club"]
[Date "2023.04.15"]
[Round "2"]
[White "ZHANG, ARI:brass60Six"]
[Black "Zhou, Abigail:AbiZ"]
[Result "1-0"]
[ICCResult "Black checkmated"]
[WhiteElo "1343"]
[BlackElo "1403"]
[Opening "QGD: Orthodox defense, Botvinnik variation"]
[ECO "D60"]
[NIC "QO.12"]
[Time "14:00:31"]
[PlyCount "141"]
[TimeControl "1800+10"]

1. d4 d5 2. c4 e6 3. Nc3 Nf6 4. Bg5 Be7 5. Nf3 Nbd7 6. e3 O-O 7. Bd3 b6 8.
O-O Bb7 9. Re1 c5 10. dxc5 bxc5 11. cxd5 exd5 12. Qe2 Qa5 13. Rad1 Rfe8 14.
Rb1 c4 15. Bc2 d4 16. Nxd4 Qxg5 17. Nf3 Ne5 18. Nxg5 Rad8 19. Rbd1 Ba6 20.
Rxd8 Rxd8 21. Rd1 Rb8 22. Bb1 Nd3 23. Bxd3 cxd3 24. Qd2 h6 25. Nge4 Nxe4 26.
Nxe4 Bb4 27. Nc3 Bd6 28. a3 Be5 29. Rb1 Rb3 30. Rc1 Kh7 31. f4 Bf6 32. a4
Kg8 33. Nb5 Bxb5 34. axb5 Rxb2 35. Qxd3 g6 36. Rb1 Ra2 37. e4 Ra4 38. e5 Be7
39. Qd2 Bc5+ 40. Kf1 Re4 41. Rd1 Bb6 42. g3 Kg7 43. Qd6 Rc4 44. Qf6+ Kg8 45.
Rd8+ Bxd8 46. Qxd8+ Kg7 47. Qf6+ Kg8 48. Qd8+ Kg7 49. Qd2 Rc5 50. Qb2 Kg8
51. b6 axb6 52. Qxb6 Rc1+ 53. Kg2 Rc2+ 54. Kh3 Rc8 55. e6 Re8 56. exf7+ Kxf7
57. Qc7+ Re7 58. Qc4+ Kg7 59. Qd4+ Kh7 60. Qd3 Rg7 61. Kg2 Kh8 62. h4 Kh7
63. h5 Rg8 64. g4 Rg7 65. Kh3 Rg8 66. Qd7+ Rg7 67. hxg6+ Kh8 68. Qe8+ Rg8
69. Qf7 Rg7 70. Qf8+ Rg8 71. Qxh6# {Black checkmated} 1-0

[Event "ICC tourney 3171 (30 10)"]
[Site "Internet Chess Club"]
[Date "2023.04.15"]
[Round "3"]
[White "Zhou, Abigail:AbiZ"]
[Black "Ryerson, Olivia:oliviaryerson"]
[Result "0-1"]
[ICCResult "White checkmated"]
[WhiteElo "1403"]
[BlackElo "1192"]
[Opening "Sicilian: closed"]
[ECO "B23"]
[NIC "SI.44"]
[Time "16:00:23"]
[PlyCount "106"]
[TimeControl "1800+10"]

1. e4 c5 2. Nc3 a6 3. f4 e6 4. Nf3 d5 5. d3 Nc6 6. g3 Nf6 7. Bg2 b6 8. O-O
Bb7 9. Bd2 Ne7 10. Ne5 dxe4 11. dxe4 Qd4+ 12. Kh1 Nxe4 13. Nxe4 Bxe4 14. Bc3
Bxg2+ 15. Kxg2 Qe4+ 16. Rf3 Rd8 17. Bd2 Qd5 18. Nd3 c4 19. h3 cxd3 20. cxd3
Nc6 21. Rc1 Nd4 22. Qa4+ b5 23. Qd1 Nxf3 24. Qxf3 Qxf3+ 25. Kxf3 Bd6 26. Rc6
O-O 27. Rxa6 e5 28. Ra5 exf4 29. Bxf4 Bxf4 30. Kxf4 Rxd3 31. Rxb5 Ra8 32. b3
Rad8 33. Rb4 R3d4+ 34. Rxd4 Rxd4+ 35. Ke3 Rd8 36. Ke4 Kf8 37. g4 Ke7 38. h4
Kd6 39. Kd4 Kc6+ 40. Kc4 Kb6 41. a4 Ka5 42. Kc3 Rc8+ 43. Kb2 Kb4 44. g5 f6
45. gxf6 gxf6 46. h5 f5 47. h6 f4 48. Ka2 f3 49. Kb2 f2 50. Ka2 f1=Q 51. Kb2
Qc1+ 52. Ka2 Qa3+ 53. Kb1 Rc1# {White checkmated} 0-1

[Event "ICC tourney 3171 (30 10)"]
[Site "Internet Chess Club"]
[Date "2023.04.15"]
[Round "3"]
[White "Chen, Angelique Lee:oklahoo"]
[Black "TJIPTO, GAVIN:akudakudaku"]
[Result "0-1"]
[ICCResult "White resigns"]
[WhiteElo "1226"]
[BlackElo "1362"]
[Opening "Giuoco Piano"]
[ECO "C54"]
[NIC "IG.02"]
[Time "16:00:10"]
[PlyCount "72"]
[TimeControl "1800+10"]

1. e4 e5 2. Nf3 Nc6 3. Bc4 Bc5 4. c3 Nf6 5. d4 exd4 6. cxd4 Bb4+ 7. Bd2 Nxe4
8. Bxb4 Nxb4 9. Bxf7+ Kxf7 10. Qb3+ d5 11. Qxb4 Re8 12. Ne5+ Kg8 13. O-O c5
14. Qa4 cxd4 15. Qxd4 Qd6 16. f4 Be6 17. Re1 Qa6 18. f5 Bxf5 19. Qxd5+ Qe6
20. Qxe6+ Rxe6 21. Nc4 Rae8 22. Rf1 Bg6 23. Nba3 Ng5 24. Rad1 Re2 25. Rd7 h6
26. Rxb7 Be4 27. Rf2 Re1+ 28. Rf1 Rxf1+ 29. Kxf1 Bxb7 30. Nd6 Ba6+ 31. Kf2
Ne4+ 32. Nxe4 Rxe4 33. Kf3 Re2 34. Nb1 Rxb2 35. Nc3 Rc2 36. Nd5 Bb7
{White resigns}
0-1

[Event "ICC tourney 3171 (30 10)"]
[Site "Internet Chess Club"]
[Date "2023.04.15"]
[Round "3"]
[White "SHRIVASTAVA, NIVAAN:Nivshri"]
[Black "Hamlett, James Morrison:Hamlett144"]
[Result "1-0"]
[ICCResult "Black resigns"]
[WhiteElo "1248"]
[BlackElo "1414"]
[Opening "Owen defense"]
[ECO "B00"]
[NIC "VO.01"]
[Time "16:00:51"]
[PlyCount "55"]
[TimeControl "1800+10"]

1. e4 b6 2. d4 Bb7 3. Nc3 e6 4. Bd3 d5 5. e5 c5 6. Bb5+ Nc6 7. Nf3 a6 8.
Bxc6+ Bxc6 9. O-O Ne7 10. Bg5 h6 11. Bh4 g5 12. Bg3 Nf5 13. Ne2 g4 14. Ne1
h5 15. c3 h4 16. Bf4 Bh6 17. Nd3 cxd4 18. Nxd4 Nxd4 19. cxd4 Bxf4 20. Nxf4
Qg5 21. g3 hxg3 22. fxg3 Ke7 23. Qb3 Bb5 24. Rf2 Qf5 25. Nxd5+ exd5 26. Rxf5
Bc4 27. Qxb6 Rab8 28. Qc7+ {Black resigns} 1-0

[Event "ICC tourney 3171 (30 10)"]
[Site "Internet Chess Club"]
[Date "2023.04.15"]
[Round "3"]
[White "Hernandez-Visbal, Arthur:thechessgod22"]
[Black "ZHANG, ARI:brass60Six"]
[Result "1-0"]
[ICCResult "Black checkmated"]
[WhiteElo "1638"]
[BlackElo "1343"]
[Opening "Caro-Kann: Panov-Botvinnik attack, 5...e6"]
[ECO "B14"]
[NIC "CK.02"]
[Time "16:00:40"]
[PlyCount "75"]
[TimeControl "1800+10"]

1. e4 c6 2. d4 d5 3. exd5 cxd5 4. c4 e6 5. Nc3 Nf6 6. Nf3 Nc6 7. Bg5 Be7 8.
Be2 h6 9. Bh4 O-O 10. O-O Re8 11. Rc1 a6 12. c5 Nh5 13. Bxe7 Qxe7 14. Re1
Nf6 15. Qb3 Qc7 16. Na4 Nd7 17. Bd3 Rb8 18. h3 b6 19. cxb6 Nxb6 20. Nxb6
Rxb6 21. Qxd5 Bd7 22. Qe4 f5 23. Qe2 Qb8 24. b3 Qa7 25. Qb2 Reb8 26. Ne5
Nxe5 27. Rxe5 a5 28. d5 a4 29. dxe6 Bxe6 30. Qe2 Bf7 31. Re7 R6b7 32. Rxb7
Rxb7 33. Rc8+ Kh7 34. Bxf5+ g6 35. Be6 Re7 36. Qe5 g5 37. Bf5+ Bg6 38. Rh8#
{Black checkmated}
1-0

[Event "ICC tourney 3171 (30 10)"]
[Site "Internet Chess Club"]
[Date "2023.04.15"]
[Round "3"]
[White "ANGELCHIK, JACOB:t105mm"]
[Black "KISHORE, KAVISH:K03-16800564"]
[Result "1-0"]
[ICCResult "Black checkmated"]
[WhiteElo "1152"]
[BlackElo "1373"]
[Opening "Réti opening"]
[ECO "A05"]
[NIC "QP.11"]
[Time "16:00:26"]
[PlyCount "47"]
[TimeControl "1800+10"]

1. Nf3 Nf6 2. g3 e6 3. Bg2 d5 4. d4 Bd6 5. Bg5 h6 6. Bxf6 Qxf6 7. Nc3 a6 8.
Qd3 Bd7 9. e4 dxe4 10. Qxe4 O-O 11. O-O-O Bc6 12. d5 exd5 13. Nxd5 Qe6 14.
Nd4 Bxd5 15. Qxd5 Qxd5 16. Bxd5 c6 17. Nf5 Bc5 18. Bb3 Bxf2 19. Rhf1 Bb6 20.
Ne7+ Kh7 21. Bxf7 Be3+ 22. Kb1 Bg5 23. Bg6+ Kh8 24. Rxf8# {Black checkmated}
1-0

[Event "ICC tourney 3171 (30 10)"]
[Site "Internet Chess Club"]
[Date "2023.04.15"]
[Round "3"]
[White "LIN, CARL:K01-17110834"]
[Black "QIAO, RICHARDSON JINGSI:Richardsonqiao"]
[Result "0-1"]
[ICCResult "White checkmated"]
[WhiteElo "1228"]
[BlackElo "1553"]
[Opening "Giuoco Piano"]
[ECO "C54"]
[NIC "IG.02"]
[Time "16:00:09"]
[PlyCount "168"]
[TimeControl "1800+10"]

1. e4 e5 2. Nf3 Nc6 3. Bc4 Bc5 4. c3 Nf6 5. d4 exd4 6. cxd4 Bb4+ 7. Bd2
Bxd2+ 8. Nbxd2 d5 9. exd5 Nxd5 10. O-O O-O 11. Nb3 Nce7 12. h3 c6 13. Re1
Bf5 14. Bd3 Bxd3 15. Qxd3 Ng6 16. a3 Qc7 17. Ne5 Rae8 18. Nxg6 hxg6 19. Qf3
Qf4 20. Qxf4 Nxf4 21. Red1 Re2 22. Rab1 Rfe8 23. Rd2 Rxd2 24. Nxd2 Ne2+ 25.
Kf1 Nxd4 26. Nc4 Nb3 27. Rd1 b5 28. Ne3 Re6 29. Rd7 a5 30. Rd3 Nc5 31. Rc3
Na4 32. Rc2 Nb6 33. b3 Kf8 34. Ke2 Ke7 35. Kd3 Kd6 36. Kc3 Re5 37. Rd2+ Kc7
38. Nc2 Rc5+ 39. Kb2 Rd5 40. Re2 Kd7 41. Ne3 Re5 42. Rd2+ Ke7 43. Rc2 Re6
44. Rd2 f5 45. Kc3 Nc8 46. g3 Nd6 47. Kb2 Ne4 48. Rc2 Nxf2 49. Nxf5+ gxf5
50. Rxf2 g6 51. g4 fxg4 52. hxg4 Re4 53. Rg2 g5 54. Kc3 Re3+ 55. Kc2 Ke6 56.
Rd2 Rg3 57. Re2+ Kd5 58. Rd2+ Kc5 59. Rd3 Rxg4 60. Rc3+ Kb6 61. Rf3 Rf4 62.
Rg3 g4 63. Kd3 Rf3+ 64. Rxf3 gxf3 65. Ke3 Kc5 66. Kxf3 Kd4 67. Kf4 Kc3 68.
a4 Kxb3 69. axb5 cxb5 70. Ke3 a4 71. Kd2 Kb2 72. Kd3 a3 73. Kd4 a2 74. Kc5
a1=Q 75. Kb4 Qa4+ 76. Kc5 Kc3 77. Kb6 b4 78. Kc5 b3 79. Kd5 b2 80. Ke5 b1=Q
81. Kf6 Qae4 82. Kf7 Qf1+ 83. Kg7 Qeg2+ 84. Kh6 Qfh1# {White checkmated} 0-1

[Event "ICC tourney 3171 (30 10)"]
[Site "Internet Chess Club"]
[Date "2023.04.15"]
[Round "4"]
[White "QIAO, RICHARDSON JINGSI:Richardsonqiao"]
[Black "Chen, Angelique Lee:oklahoo"]
[Result "1-0"]
[ICCResult "Black checkmated"]
[WhiteElo "1553"]
[BlackElo "1226"]
[Opening "Queen's pawn, Mason variation"]
[ECO "D00"]
[NIC "QP.08"]
[Time "18:00:09"]
[PlyCount "43"]
[TimeControl "1800+10"]

1. d4 d5 2. Bf4 Bf5 3. e3 e6 4. Nf3 Bd6 5. Bg3 Bg4 6. c4 c6 7. c5 Bc7 8. Qb3
b6 9. Bxc7 Qxc7 10. cxb6 axb6 11. Nc3 Nf6 12. Ne5 Bf5 13. Rc1 Nbd7 14. Nb5
Qb8 15. Nxc6 Qc8 16. Nd6+ Kf8 17. Nxc8 Rxc8 18. Qb4+ Kg8 19. Ne7+ Kf8 20.
Ng6+ Kg8 21. Qf8+ Rxf8 22. Ne7# {Black checkmated} 1-0

[Event "ICC tourney 3171 (30 10)"]
[Site "Internet Chess Club"]
[Date "2023.04.15"]
[Round "4"]
[White "Hamlett, James Morrison:Hamlett144"]
[Black "LIN, CARL:K01-17110834"]
[Result "1-0"]
[ICCResult "Black checkmated"]
[WhiteElo "1414"]
[BlackElo "1228"]
[Opening "Evans gambit"]
[ECO "C52"]
[NIC "IG.05"]
[Time "18:13:37"]
[PlyCount "99"]
[TimeControl "1800+10"]

1. e4 e5 2. Nf3 Nc6 3. Bc4 Bc5 4. b4 Bxb4 5. c3 Ba5 6. Qb3 Qe7 7. d4 d6 8.
O-O Nf6 9. dxe5 dxe5 10. Ba3 Qd7 11. Ng5 Nd8 12. Rd1 Qxd1+ 13. Qxd1 h6 14.
Nf3 Bg4 15. Qa4+ Nc6 16. Bb5 Bb6 17. Bxc6+ Bd7 18. Bxd7+ Nxd7 19. Nxe5 Rd8
20. Nd2 c6 21. Ndc4 Nxe5 22. Nxe5 f6 23. Qb4 c5 24. Qa4+ Ke7 25. Ng6+ Ke6
26. Qb3+ Kd6 27. Rd1+ Kc7 28. Nxh8 Rxd1+ 29. Qxd1 c4 30. Qd6+ Kc8 31. Nf7
Bc7 32. Qf8+ Kd7 33. Qe7+ Kc6 34. Nd8+ Bxd8 35. Qxd8 b5 36. Qd6+ Kb7 37. Bc5
b4 38. Bxb4 g5 39. Qd7+ Kb6 40. a4 g4 41. Qb5+ Kc7 42. a5 g3 43. hxg3 h5 44.
Qxc4+ Kd7 45. a6 h4 46. Qd5+ Kc8 47. Qb7+ Kd8 48. Bd6 f5 49. Qc7+ Ke8 50.
Qe7# {Black checkmated} 1-0

[Event "ICC tourney 3171 (30 10)"]
[Site "Internet Chess Club"]
[Date "2023.04.15"]
[Round "4"]
[White "ZHANG, ARI:brass60Six"]
[Black "ANGELCHIK, JACOB:t105mm"]
[Result "1-0"]
[ICCResult "Black resigns"]
[WhiteElo "1343"]
[BlackElo "1152"]
[Opening "Benoni defense"]
[ECO "A56"]
[NIC "OI.06"]
[Time "18:01:24"]
[PlyCount "73"]
[TimeControl "1800+10"]

1. d4 Nf6 2. c4 c5 3. e3 g6 4. Nf3 Bg7 5. Nc3 cxd4 6. exd4 e6 7. Bg5 O-O 8.
Be2 d5 9. cxd5 exd5 10. O-O a6 11. h3 Bf5 12. Bd3 Bxd3 13. Qxd3 Qd6 14. Ne5
Nbd7 15. Bf4 Nxe5 16. dxe5 Qc5 17. exf6 Bxf6 18. Qxd5 Qb4 19. Qd6 Bxc3 20.
bxc3 Qxc3 21. Be5 Qc6 22. Qxc6 bxc6 23. Rac1 Rfe8 24. Bd6 Rac8 25. a3 Re6
26. Bb4 Re5 27. Rc5 Re6 28. Re1 Rf6 29. Bc3 Rd6 30. Rce5 Rdd8 31. Re7 h5 32.
Ra7 Ra8 33. Ree7 Rf8 34. Rxa8 Rxa8 35. Rc7 Rb8 36. Rxc6 Rb3 37. Rc8+
{Black resigns}
1-0